 Dungeon Crawl Stone Soup version 0.24.0-13-gcf9b319 (webtiles) character file.

Game seed: 1005945451496198350, levelgen mode: deterministic

156 Bronimir the Firebug (level 5, -3/32 HPs)
             Began as an Octopode Fire Elementalist on Mar 22, 2020.
             Slain by a gnoll
             ... wielding a +0 spear of venom
              (8 damage)
             ... on level 3 of the Dungeon.
             The game lasted 00:06:51 (2811 turns).

Bronimir the Firebug (Octopode Fire Elementalist)   Turns: 2811, Time: 00:06:52

Health: -3/32      AC:  1    Str:  8    XL:     5   Next: 37%
Magic:  8/8        EV: 14    Int: 18    God:
Gold:   170        SH:  0    Dex: 12    Spells: 3/9 levels left

rFire    . . .     SeeInvis .   a - +0 war axe
rCold    . . .     Gourm    .   (no shield)
rNeg     + . .     Faith    .   (helmet restricted)
rPois    .         Spirit   .   (no amulet)
rElec    .         Reflect  .   k - ring of positive energy
rCorr    .         Harm     .   (no ring)
MR       .....                  (no ring)
Stlth    +++.......             (no ring)
HPRegen  0.10/turn              (no ring)
MPRegen  0.11/turn              (no ring)
                                (no ring)
                                (no ring)

@: lethally poisoned (-3 -> -19)
A: almost no armour, stealthy swim, amphibious, 8 rings, constrict 8, camouflage
1, gelatinous body 1
a: no special abilities


You were on level 3 of the Dungeon.
You were not hungry.

You visited 1 branch of the dungeon, and saw 3 of its levels.

You collected 170 gold pieces.

Inventory:

Hand Weapons
 a - a +0 war axe (weapon)
 f - a +2 antimagic spear
 h - a cursed -1 rapier
 m - a +0 falchion
 t - a +0 dagger
Missiles
 g - 50 sling bullets
 i - 23 stones
 p - 40 arrows
 q - 16 poisoned darts (quivered)
Jewellery
 k - a ring of positive energy (left tentacle)
Wands
 e - a wand of scattershot (2)
Scrolls
 c - a scroll of fog {unknown}
 d - 2 scrolls of identify {unknown}
 j - a scroll of magic mapping {unknown}
 n - 2 scrolls of enchant armour {unknown}
 s - 2 scrolls of remove curse {unknown}
Potions
 l - a potion of resistance {unknown}
 o - a potion of flight {unknown}
Comestibles
 b - 4 rations


   Skills:
 + Level 0.8 Fighting
 + Level 0.3 Short Blades
 * Level 2.6 Dodging
 - Level 2.6 Stealth
 + Level 2.5 Spellcasting
 * Level 1.9 Conjurations
 * Level 4.7 Fire Magic


You had 3 spell levels left.
You knew the following spells:

 Your Spells              Type           Power        Failure   Level  Hunger
a - Flame Tongue          Conj/Fire      ##...        4%          1    #......
b - Throw Flame           Conj/Fire      ##....       7%          2    ##.....
c - Conjure Flame         Conj/Fire      ##......     13%         3    ###....

Your spell library contained the following spells:

 Spells                   Type           Power        Failure   Level  Hunger
 Inner Flame              Hex/Fire       ##......     19%         3    ###....
 Sticky Flame             Conj/Fire      ##......     41%         4    #####..
 Fireball                 Conj/Fire      ##........   77%         5    ######.


Dungeon Overview and Level Annotations

Branches:
Dungeon (3/15)

Altars:


Innate Abilities, Weirdness & Mutations

You cannot wear most types of armour.
You are very stealthy in the water. (Stealth+)
You are amphibious.
You can wear up to eight rings at the same time.
You can use your tentacles to constrict eight enemies at once.
Your skin changes colour to match your surroundings (Stealth+).
Your rubbery body absorbs attacks. (AC +1, EV +1)


Message History

The gnoll hits you from afar with a +0 spear of venom!
You are poisoned.
The gnoll closely misses you.
You tear a large gash into the net.
You feel sick. The kobold hits you with a +0 dagger.
The gnoll hits you from afar with a +0 spear of venom.
You are lethally poisoned!
The gnoll closely misses you.
You struggle against the net.
You feel sick. The kobold hits you with a +0 dagger.
The gnoll closely misses you.
The gnoll hits you from afar with a +0 halberd.
Unknown command.
You rip the net and break free!
You feel sick. The kobold hits you with a +0 dagger.
The gnoll hits you from afar with a +0 spear of venom.
* * * LOW HITPOINT WARNING * * *
* * * LOW HITPOINT WARNING * * *
You feel sick. The gnoll closely misses you.
The gnoll hits you from afar with a +0 spear of venom!
You die...

###### ######.....
#...##.####
###############...##.####
.......K@................
#####...#######...##.####
#.gg# #####...##.#...
...... ...............
###...# #####....#.#.#.
#...# #....#.#.#. #####
#.>..#.#.#. #....#.#.#.
#....#.#.#.


You could see 2 gnolls and a kobold.

Vanquished Creatures
  2 orc priests
  4 adders
  A dart slug (D:1)
  3 leopard geckos
  6 orcs
  4 giant cockroaches
  3 hobgoblins
  4 jackals (D:1)
  4 kobolds
  2 quokkas
  4 bats
  4 frilled lizards
  3 goblins
  5 rats
49 creatures vanquished.

Notes
Turn   | Place    | Note
-------+----------+-------------------------------------------
     0 | D:1      | Bronimir the Octopode Fire Elementalist began the quest for
                  | the Orb.
     0 | D:1      | Reached XP level 1. HP: 11/11 MP: 3/3
   284 | D:1      | Reached XP level 2. HP: 18/18 MP: 3/5
   509 | D:1      | Learned a level 2 spell: Throw Flame
   905 | D:1      | Reached XP level 3. HP: 22/22 MP: 6/6
  1632 | D:1      | Reached skill level 4 in Fire Magic
  1632 | D:1      | Reached XP level 4. HP: 12/27 MP: 0/7
  1952 | D:2      | Learned a level 3 spell: Conjure Flame
  2111 | D:2      | Reached XP level 5. HP: 31/32 MP: 1/8
  2811 | D:3      | Slain by a gnoll

Levels and vault maps discovered:
D:1:      lightli_arrival_noodles, layout_loops_ring,
          wander_ebering_terrifying_dragon_lair
D:2:      layout_rooms, first_ration, hex_large
D:3:      layout_basic, elyvilon_altar_5

Skill      XL: |  1  2  3 |
---------------+----------+-----
Fire Magic     | 4 |  4.7
Fighting       | |  0.8
Short Blades   | |  0.3
Dodging        | |  2.6
Stealth        | |  2.6
Spellcasting   | |  2.5
Conjurations   | |  1.9

Action                   |  1- 3 |  4- 6 || total
-------------------------+-------+-------++-------
Melee: Unarmed           |     7 |       ||     7
       Constrict         |    14 |     4 ||    18
       Dagger            |    43 |     8 ||    51
       Tentacles         |     5 |       ||     5
Throw: Dart              |       |     4 ||     4
 Cast: Flame Tongue      |    21 |    30 ||    51
       Throw Flame       |     5 |     4 ||     9
  Use: Potion            |     1 |       ||     1
 Stab: Sleeping          |     6 |     1 ||     7
  Eat: Chunk             |     3 |     4 ||     7
Armor: Skin              |     1 |     5 ||     6
Dodge: Dodged            |    40 |    25 ||    65
